 Dungeon Crawl Stone Soup version 0.21-a0-346-g330ab2c (webtiles) character file.

128 Hasart the Slasher (level 4, -9/35 HPs)
             Began as a Mummy Fighter on Oct 5, 2017.
             Killed from afar by Eustachio (16 damage)
             ... with a wand of flame (?/48)
             ... on level 4 of the Dungeon.
             The game lasted 00:02:31 (1980 turns).

Hasart the Slasher (Mummy Fighter)                  Turns: 1980, Time: 00:02:33

Health: -9/35      AC:  6    Str: 20    XL:     4   Next: 87%
Magic:  4/4        EV:  7    Int:  7    God:
Gold:   93         SH:  0    Dex: 11    Spells: 3/3 levels left

rFire    x . .     SeeInvis .   a - +0 long sword
rCold    + . .     Gourm    .   c - +0 shield
rNeg     + + +     Faith    .   b - +0 scale mail
rPois    ∞         Spirit   .   (no helmet)
rElec    .         Reflect  .   (no cloak)
rCorr    .         Harm     .   (no gloves)
MR       .....                  (no boots)
Stlth    ..........             (no amulet)
HPRegen  0.11/turn              (no ring)
MPRegen  0.09/turn              (no ring)

@: confused
A: no food or potions, fire vulnerability, cold resistance 1, negative energy
resistance 3, torment resistance, unbreathing
a: no special abilities


You were on level 4 of the Dungeon.
You were not hungry.

You visited 1 branch of the dungeon, and saw 4 of its levels.

You collected 93 gold pieces.

Inventory:

Hand Weapons
 a - a +0 long sword (weapon)
Armour
 b - a +0 scale mail (worn)
 c - a +0 shield (worn)
Jewellery
 e - an uncursed ring of protection from cold {unknown}
 f - an uncursed ring of ice {unknown}
 l - an uncursed ring of see invisible {unknown}
Scrolls
 d - 3 scrolls of teleportation {unknown}
 g - 4 scrolls of amnesia {unknown}
 h - a scroll of recharging {unknown}
 i - 2 scrolls of identify {unknown}
 j - a scroll of fear {unknown}
 k - 3 scrolls of immolation {unknown}


   Skills:
 - Level 3.0 Fighting
 + Level 4.2 Long Blades
 - Level 2.4 Armour
 - Level 2.4 Shields


You had 3 spell levels left.
You didn't know any spells.

Dungeon Overview and Level Annotations

Branches:
Dungeon (4/15)
 Temple: D:4-7

Altars:
Vehumet

Annotations:
D:4 Eustachio, Sigmund


Innate Abilities, Weirdness & Mutations

You do not eat or drink.
Your flesh is vulnerable to fire.
You are immune to poison.
Your flesh is cold resistant. (rC+)
You are immune to negative energy. (rN+++)
You are immune to unholy pain and torment.
You can survive without breathing.


Message History

Something hits you but does no damage. The ooze hits you.
You slash the ooze!
The ooze is almost dead.
The ooze hits you but does no damage. Something hits you!
You block the ooze's attack.
You slash the ooze!
You kill the ooze!
You hear some strange, mumbled words.
You are confused.
You bump into the rock wall.
Something hits you!
* * * LOW HITPOINT WARNING * * *
You bump into the rock wall.
Eustachio the Magnificent comes into view.
He is wielding a rapier of electrocution.
Eustachio shouts!
A magic dart appears from out of thin air!
The magic dart hits you!
* * * LOW HITPOINT WARNING * * *
Eustachio zaps a wand.
The puff of flame hits you! The fire burns you terribly!
You die...

#. #.# .. #
#.######.#@
#..........
#..........
#.........
.#####.@####+#####
..........{.......
.######.####.#####
........# #
........## .#
.........# #.#
.........###...#
..........##.#.#
........#.##.#.#


You could see Eustachio.

Vanquished Creatures
  A bullfrog zombie (D:2)
  An adder (D:3)
  3 oozes
  2 worms
  3 dart slugs
  3 leopard geckos
  3 orcs (D:3)
  7 bats
  A giant cockroach (D:1)
  5 hobgoblins
  4 kobolds
  A quokka (D:3)
  2 ball pythons
  3 frilled lizards (D:2)
  8 goblins
  9 rats
56 creatures vanquished.

Notes
Turn   | Place    | Note
-------+----------+-------------------------------------------
     0 | D:1      | Hasart the Mummy Fighter began the quest for the Orb.
     0 | D:1      | Reached XP level 1. HP: 18/18 MP: 1/1
   185 | D:1      | Reached skill level 2 in Long Blades
   364 | D:1      | Reached XP level 2. HP: 23/24 MP: 2/2
   886 | D:1      | Reached XP level 3. HP: 25/29 MP: 3/3
   955 | D:1      | Reached skill level 3 in Long Blades
  1383 | D:2      | Reached XP level 4. HP: 13/35 MP: 4/4
  1386 | D:2      | Found a radiant altar of Vehumet.
  1635 | D:3      | Reached skill level 4 in Long Blades
  1965 | D:4      | Noticed Sigmund
  1980 | D:4      | Noticed Eustachio
  1980 | D:4      | Killed from afar by Eustachio

Vault maps used:
D:1:      dpeg_arrival_solitude
D:2:      lemuel_round_altar, first_bread
D:3:      grunt_ministairs_2
D:4:      yredelemnul_forgotten_temple_becter, lemuel_round_altar, st_stairs_8,
          uniq_eustachio, uniq_sigmund, uniq_blork_the_orc

Skill      XL: |  1  2  3  4 |
---------------+-------------+-----
Long Blades    | 2 3 4 |  4.2
Fighting       | |  3.0
Armour         | |  2.4
Shields        | |  2.4

Action                   |  1- 3 |  4- 6 || total
-------------------------+-------+-------++-------
Melee: Long sword        |   117 |    44 ||   161
Armor: Scale mail        |    48 |    31 ||    79
Dodge: Dodged            |    26 |    28 ||    54
Block: Shield            |    45 |    27 ||    72
       Rpst.: Long sword |     9 |    14 ||    23

Table legend:
 A = Spawn XP
 B = Non-spawn XP
 C = Spawn XP percentage of total XP
 D = Spawn monster count
 E = Non-spawn monster count
 F = Spawn count percentage of total count
 G = Total turns spent on level
                    A         B        C        D         E        F      G
               +---------+---------+-------+---------+---------+-------+---------
         Total |       0 |     184 |   0.0 |       0 |      56 |   0.0 |  1980
               +---------+---------+-------+---------+---------+-------+---------
           D:1 |       0 |      60 |   0.0 |       0 |      30 |   0.0 |  1207
           D:2 |       0 |      68 |   0.0 |       0 |      11 |   0.0 |   406
           D:3 |       0 |      49 |   0.0 |       0 |      14 |   0.0 |   316
           D:4 |       0 |       7 |   0.0 |       0 |       1 |   0.0 |    51
               +---------+---------+-------+---------+---------+-------+---------
